AoeStats
← Ze taboca5485

Black Forest

510233954Analyzed
3v3 RM · 2d ago on Sep 30, 2026· 49m 57s· 6 players
Game mode
Random Map
Map size
Normal (6 player)
Population
200
Speed
Normal
Resources
Standard
Victory
Conquest
Starting age
Dark Age
Ending age
Imperial Age
RankedLock teamsTeams togetherTeam positionsShared explorationLock speedFull tech treeHidden civsTurbo modeCheats
Victory
Defeat
🇦🇷 Spanish · Argentina
734
+15
🇲🇽 Khmer · Mexico
573
+22
🇦🇷 Danes · Argentina
497
+24
🇧🇷 Persians · Brazil
744
-50
🇧🇷 Portuguese · Brazil
700
-20
🇧🇷 Wei · Brazil
669
-19
PorQue
4:33 Loom
10:05 Feudal Age
13:15 Double-Bit Axe
13:40 Horse Collar
21:06 Wheelbarrow
24:47 Castle Age
23:07 Gold Mining
27:05 Caravan
27:01 Stone Mining
27:47 Heavy Plow
32:03 Hand Cart
32:00 Light Cavalry
33:22 Gold Shaft Mining
33:30 Padded Archer Armor
39:20 Imperial Age
38:13 Husbandry
38:31 Leather Archer Armor
38:07 Fletching
39:07 Scale Mail Armor
39:35 Bow Saw
41:07 Chemistry
40:28 Ballistics
40:04 Murder Holes
40:20 Masonry
41:23 Elite Ballista Elephant
42:09 Double Crossbow
42:13 Town Watch
42:23 Pikeman
42:53 Elite Skirmisher
43:30 Cavalier
43:31 Hussar
44:27 Halberdier
45:41 Ring Archer Armor
45:16 Scale Barding Armor
48:40 Chain Barding Armor
ParacitO8336
4:27 Loom
10:48 Feudal Age
12:43 Double-Bit Axe
15:10 Horse Collar
16:33 Forging
16:27 Scale Mail Armor
16:32 Scale Barding Armor
17:07 Fishing Lines
19:20 Wheelbarrow
20:28 Stone Mining
20:30 Gold Mining
20:51 Scale Barding Armor
24:46 Castle Age
25:05 Pikeman
25:46 Squires
26:25 Iron Casting
26:05 Chain Mail Armor
26:01 Heavy Plow
26:14 Bow Saw
26:10 Gillnets
27:19 Gambesons
27:20 Arson
28:22 Hand Cart
34:42 Imperial Age
34:28 Ballistics
34:17 Inquisition
35:05 Elite Conquistador
35:12 Halberdier
37:30 Blast Furnace
38:23 Plate Mail Armor
40:16 Chemistry
39:11 Fletching
41:00 Stone Shaft Mining
41:28 Two-Man Saw
42:00 Bodkin Arrow
42:05 Padded Archer Armor
43:04 Thumb Ring
42:25 Elite Skirmisher
44:29 Bracer
44:45 Leather Archer Armor
45:22 Guard Tower
45:44 Masonry
45:29 Murder Holes
45:45 Fortified Wall
45:20 Arrowslits
F1TRACER
11:10 Feudal Age
13:55 Double-Bit Axe
14:49 Wheelbarrow
21:30 Castle Age
24:41 Fishing Lines
25:03 Hamask
29:09 Hand Cart
30:04 Scale Mail Armor
30:16 Forging
32:26 Ballistics
35:32 Gillnets
42:42 Imperial Age
39:47 Elite Skirmisher
41:56 Thumb Ring
43:02 Cranequins
44:19 Bow Saw
44:22 Fletching
44:33 Padded Archer Armor
45:09 Iron Casting
46:46 Chemistry
47:06 Conscription
48:11 Heavy Mounted Crossbowman
Ze taboca5485
3:23 Loom
11:36 Feudal Age
16:37 Castle Age
15:43 Stone Mining
15:37 Horse Collar
21:59 Wheelbarrow
24:47 Gold Mining
25:25 Heavy Plow
26:04 Stone Shaft Mining
25:18 Double-Bit Axe
27:00 Hand Cart
31:25 Imperial Age
29:23 Murder Holes
30:15 Bow Saw
31:42 Siphons
34:20 Chemistry
36:55 Onager
40:24 Two-Man Saw
43:10 Arson
42:45 Pikeman
42:46 Man-at-Arms
43:11 Gambesons
44:44 Arquebus
TokyoTV4173
11:17 Loom
15:21 Feudal Age
16:42 Horse Collar
21:02 Wheelbarrow
24:10 Double-Bit Axe
24:43 Scale Barding Armor
24:49 Forging
26:38 Bloodlines
30:32 Castle Age
28:37 Stone Mining
28:37 Gold Mining
34:13 Husbandry
37:07 Iron Casting
37:38 Chain Barding Armor
38:51 Hand Cart
40:43 Heavy Plow
48:54 Ballistics
51:21 Imperial Age
48:53 Fishing Lines
halou157
15:16 Feudal Age
16:10 Double-Bit Axe
20:34 Castle Age
21:16 Loom
22:22 Bow Saw
26:16 Tuntian
27:37 Gold Mining
27:37 Stone Mining
29:30 Scale Barding Armor
29:37 Forging
30:12 Murder Holes
34:00 Chain Barding Armor
35:09 Gold Shaft Mining
35:09 Stone Shaft Mining
37:24 Imperial Age
36:52 Wheelbarrow
38:02 Iron Casting
38:42 Husbandry
38:53 Bloodlines
39:20 Heavy Hei Guang Cavalry
40:14 Town Watch
45:24 Blast Furnace
Connection lost

Rejoining the realm…

Still unreachable

The connection could not be restored.

Session expired

The server has moved on; the page needs a fresh start.